[Event "Team 45 45 League T39"]
[Site "Internet Chess Club"]
[Date "2008.11.30"]
[Round "6"]
[White "Russellovich"]
[Black "Razorbackchess"]
[Result "1/2-1/2"]
[WhiteElo "1779"]
[BlackElo "1799"]
[Opening "Sicilian: Taimanov variation"]
[ECO "B48"]
[Time "08:15:55"]
[TimeControl "2700+45"]

1. e4 c5 2. Nf3 e6 3. d4 cxd4 4. Nxd4 Nc6 5. Nc3 Qc7 6. Be3 a6 7. Qd2 Nf6 8. f3
Ne5 9. a3 b5 10. Na2 Nc4 11. Bxc4 Qxc4 12. b3 Qc7 13. Nb4 Qa5 14. O-O Bb7 15.
Rfd1 Be7 16. e5 Nd5 17. Nxd5 Qxd2 18. Nc7+ Kd8 19. Ncxe6+ fxe6 20. Rxd2 Ke8 21.
b4 Rc8 22. Nb3 Kf7 23. Rxd7 Bc6 24. Rd4 Bd5 25. Rf4+ Ke8 26. Nc5 Bg5 27. Rd1
Bxf4 28. Bxf4 h6 29. h4 Rg8 30. Be3 g5 31. Kf2 Ke7 32. hxg5 hxg5 33. Rh1 Rg7 34.
Rh5 g4 35. Bg5+ Kf7 36. fxg4 Rcg8 37. Bf6 Rxg4 38. Rh7+ Kg6 39. Rh2 Kf5 40. Rh5+
Kf4 41. Nd3+ Ke4 42. Nc5+ Kd4 43. Nb3+ Bxb3 44. cxb3 Rxg2+ 45. Kf1 R8g4 46. Be7
Kc3 47. Rh3+ R2g3 48. Rh6 Rg6 49. Rxg6 Rxg6 50. a4 bxa4 51. bxa4 Kc4 52. b5 axb5
53. axb5 Kxb5 54. Ke2 Kc4 55. Ke3 Rg3+ 56. Kf4 Rg1 57. Bd6 Kd5 58. Kf3 Rg5 59.
Kf2 Rf5+ 60. Ke2 Ke4 61. Kd2 Rf2+ 62. Kc3 Rf5 63. Kd2 Rxe5 64. Bxe5 Kxe5 65. Ke3
Kd5 66. Kd3 e5 67. Ke3 e4 68. Ke2 Kd4 69. Kd2 e3+ 70. Ke2 Ke4 71. Ke1 Kd3 72.
Kd1 e2+ 73. Ke1 Ke3 {White stalemated} 1/2-1/2

[Event "Team 45 45 League T39"]
[Site "Internet Chess Club"]
[Date "2008.11.28"]
[Round "6"]
[White "allanchs"]
[Black "kingphisch"]
[Result "1-0"]
[WhiteElo "1545"]
[BlackElo "1483"]
[Opening "Caro-Kann: classical, Spassky variation"]
[ECO "B19"]
[Time "12:07:38"]
[TimeControl "2700+45"]

1. e4 c6 2. d4 d5 3. Nc3 dxe4 4. Nxe4 Bf5 5. Ng3 Bg6 6. h4 h6 7. Nf3 Nd7 8. h5
Bh7 9. Bd3 Bxd3 10. Qxd3 Qc7 11. Bd2 Ngf6 12. Qe2 e6 13. O-O-O O-O-O 14. Ne5
Nxe5 15. dxe5 Nd5 16. f4 Bb4 17. Rhf1 Bxd2+ 18. Rxd2 Qb6 19. Ne4 Rhf8 20. g3 Qe3
21. Nd6+ Kc7 22. Rf3 Qxe2 23. Rxe2 a5 24. a4 f6 25. Rb3 b6 26. Nc4 fxe5 27. Nxe5
Rf5 28. Rh2 Nb4 29. Re3 Na2+ 30. Kb1 Nb4 31. b3 Nd5 32. Rd3 Nb4 33. Rxd8 Kxd8
34. c3 Nd5 35. Kc2 Kc7 36. Kd3 c5 37. Rh4 Rf8 38. Rg4 Rg8 39. Nf7 Nf6 40. Rh4
Kd7 41. g4 Nd5 42. g5 hxg5 43. fxg5 Ke7 44. Ne5 Kd6 45. Nc4+ Kc6 46. h6 gxh6 47.
gxh6 Rg3+ 48. Kd2 Rg2+ 49. Ke1 Rg1+ 50. Kf2 Rg8 51. h7 Rh8 52. Ne5+ Kd6 53. Ng6
Rxh7 54. Rxh7 Nf6 55. Rh4 Kd5 56. Rf4 Ne4+ 57. Ke3 Nxc3 58. Kd3 Na2 59. Rf8 Nb4+
60. Ke2 Nc6 61. Nf4+ Ke5 62. Nd3+ Kd4 63. Kd2 e5 64. Rc8 Kd5 65. Rxc6 Kxc6 66.
Nxe5+ Kd5 67. Nc4 Kc6 68. Kc3 Kb7 69. Nd6+ Kc6 70. Nb5 Kd5 71. Kd3 Ke5 72. Kc4
Ke6 73. Nc3 Kd7 74. Kb5 Kc7 75. Nd5+ Kb7 76. Nxb6 Ka7 77. Kxc5 Ka6 78. Nc4 Kb7
79. Kb5 Ka7 80. Kxa5 Kb7 81. Kb5 Ka7 82. Kc6 Ka6 83. b4 Ka7 84. Kc7 Ka6 85. b5+
Ka7 86. b6+ Ka6 87. b7 {Black resigns} 1-0

[Event "Team 45 45 League T39"]
[Site "Internet Chess Club"]
[Date "2008.11.26"]
[Round "6"]
[White "Archdruid"]
[Black "az2112"]
[Result "0-1"]
[WhiteElo "1724"]
[BlackElo "1731"]
[Opening "Danish gambit"]
[ECO "C21"]
[Time "21:00:13"]
[TimeControl "2700+45"]

1. e4 e5 2. d4 exd4 3. c3 dxc3 4. Nxc3 d6 5. Bc4 Be6 6. Bxe6 fxe6 7. Qh5+ g6 8.
Qb5+ Nd7 9. Qxb7 Bg7 10. Nb5 Rc8 11. Nxa7 Rb8 12. Qc6 Bxb2 13. Bxb2 Rxb2 14. Qc3
Qf6 15. Qxf6 Ngxf6 16. f3 Kf7 17. Nc6 Ra8 18. a4 Nc5 19. a5 Nd3+ 20. Kf1 Rf2#
{White checkmated} 0-1

[Event "Team 45 45 League T39"]
[Site "Internet Chess Club"]
[Date "2008.11.27"]
[Round "6"]
[White "Chess2Play"]
[Black "Elita499"]
[Result "1-0"]
[WhiteElo "1674"]
[BlackElo "1672"]
[Opening "QGD: 4.Bg5 Be7"]
[ECO "D53"]
[Time "19:00:15"]
[TimeControl "2700+45"]

1. d4 Nf6 2. c4 e6 3. Nc3 d5 4. Bg5 Be7 5. e3 h6 6. Bh4 b6 7. cxd5 Nxd5 8. Bxe7
Qxe7 9. Nxd5 exd5 10. Qb3 Bb7 11. Bb5+ c6 12. Be2 O-O 13. Nf3 Nd7 14. Rc1 Nf6
15. Ne5 Rac8 16. Qa4 a5 17. Nxc6 Bxc6 18. Rxc6 Rxc6 19. Qxc6 Qb4+ 20. Qc3 Rc8
21. Qxb4 axb4 22. O-O Rc2 23. Bd1 Rxb2 24. Bb3 Kf8 25. f3 Ke7 26. Rf2 Rb1+ 27.
Rf1 Rxf1+ 28. Kxf1 Ke6 29. e4 Ke7 30. e5 Nh5 31. Bxd5 Nf4 32. Be4 Ke6 33. g3 Nd5
34. Bxd5+ Kxd5 35. f4 Kxd4 36. Kf2 Kc3 37. f5 Kb2 38. e6 fxe6 39. fxe6 Kxa2 40.
e7 b3 41. e8=Q b2 42. Qa4+ Kb1 43. Ke2 b5 44. Qxb5 Kc1 45. Qc4+ Kb1 46. Kd2 Ka1
47. Qc3 Ka2 48. Qc2 Ka3 49. Qb1 Kb3 50. Ke3 g5 51. Ke4 {Black resigns} 1-0

[Event "Team 45 45 League T39"]
[Site "Internet Chess Club"]
[Date "2008.12.06"]
[Round "6"]
[White "OOB1"]
[Black "Toalla"]
[Result "1-0"]
[WhiteElo "1486"]
[BlackElo "1294"]
[Opening "Sicilian"]
[ECO "B56"]
[Time "16:15:24"]
[TimeControl "2700+45"]

1. e4 c5 2. Nf3 d6 3. d4 cxd4 4. Nxd4 Nf6 5. Nc3 Nc6 6. Nf3 Bd7 7. Bd3 Rc8 8. a3
g6 9. Be3 Bg7 10. h3 a6 11. Rb1 b5 12. Ne2 e6 13. Nfd4 Qe7 14. Nxc6 Bxc6 15. Nc3
Nd7 16. Na2 Nc5 17. Nb4 Nxd3+ 18. cxd3 Bb7 19. Bd2 O-O 20. O-O a5 21. Nc2 Qc7
22. Ne3 Bd4 23. Rc1 Qb6 24. Rb1 Rc7 25. Qe1 Bxe3 26. Bxa5 Bxf2+ 27. Rxf2 Qc6 28.
Bxc7 Qxc7 29. Rc1 Qb6 30. Kh1 d5 31. e5 d4 32. Rfc2 f5 33. Qh4 Qd8 34. Qh6 Rf7
35. Qd2 f4 36. Kh2 g5 37. Rc5 Ba6 38. Qc2 Kg7 39. Rc7 Rxc7 40. Qxc7+ Qxc7 41.
Rxc7+ Kg6 42. Rd7 Kf5 43. Rxd4 Kxe5 44. Rd7 h5 45. d4+ Kf5 46. Kg1 Kf6 47. Kf2
Bc8 48. Rd8 Bb7 49. Rd7 Bc6 50. Rd6 Bd5 51. Rb6 Bc4 52. b3 Bxb3 53. Rxb5 Bc4 54.
Rb4 Bd5 55. a4 Ke7 56. a5 Kd7 57. a6 Kc7 58. a7 h4 59. Rb8 {Black resigns} 1-0

[Event "Team 45 45 League T39"]
[Site "Internet Chess Club"]
[Date "2008.11.28"]
[Round "6"]
[White "Traho"]
[Black "Just-Jim"]
[Result "1-0"]
[WhiteElo "1228"]
[BlackElo "1309"]
[Opening "KP: Indian opening"]
[ECO "C20"]
[Time "15:54:33"]
[TimeControl "2700+45"]

1. e4 e5 2. d3 h6 3. Nd2 Nf6 4. Ngf3 Nc6 5. g3 Bc5 6. Bg2 Ng4 7. O-O O-O 8. Nc4
d6 9. Ne3 f5 10. Nxg4 fxg4 11. Ne1 Qf6 12. Be3 Bxe3 13. fxe3 Qg5 14. Rxf8+ Kxf8
15. Qe2 Be6 16. c4 Kg8 17. Nc2 Rf8 18. d4 Ne7 19. d5 Bd7 20. Nb4 a5 21. Nd3 c6
22. a4 Qf6 23. Rf1 Qg5 24. b4 axb4 25. Nxb4 c5 26. Rxf8+ Kxf8 27. Nd3 Bxa4 28.
Nb2 Bd7 29. Qf1+ Qf6 30. Qa1 Qg5 31. Qa8+ Bc8 32. Nd1 Kf7 33. Qb8 h5 34. Qxd6 h4
35. Qxc5 h3 36. Bh1 Bd7 37. d6 Ba4 38. dxe7 Bxd1 39. Qd5+ Kxe7 40. Qxd1 Qxe3+
41. Kf1 Qd4 42. Qxd4 exd4 43. Ke2 Kd6 44. Kd3 Ke5 45. c5 g6 46. Kc4 g5 47. Kd3
Kf6 48. Kxd4 Ke6 49. e5 Ke7 50. Bxb7 Kd7 51. Kd5 Kc7 52. c6 {Black resigns} 1-0

[Event "Team 45 45 League T39"]
[Site "Internet Chess Club"]
[Date "2008.12.02"]
[Round "6"]
[White "reverendjim"]
[Black "Kingangyal"]
[Result "1-0"]
[WhiteElo "1246"]
[BlackElo "1328"]
[Opening "Pirc: Austrian attack"]
[ECO "B09"]
[Time "19:02:23"]
[TimeControl "2700+45"]

1. e4 d6 2. d4 Nf6 3. Nc3 g6 4. f4 c6 5. Nf3 Bg7 6. Bd3 O-O 7. O-O Nbd7 8. e5
Nd5 9. Nxd5 cxd5 10. Be3 e6 11. exd6 Nf6 12. Ne5 Qxd6 13. g4 Nd7 14. Qd2 Nxe5
15. fxe5 Qe7 16. g5 Bd7 17. c3 b5 18. h4 a5 19. b4 axb4 20. cxb4 Ra3 21. Be2 Rc8
22. h5 Rcc3 23. Rf3 Qxb4 24. Raf1 Qe7 25. Rxf7 Qxf7 26. Rxf7 Kxf7 27. hxg6+ hxg6
28. Bf2 Rc8 29. Qb2 Rca8 30. Bxb5 Rxa2 31. Qb4 Ra1+ 32. Kg2 Rb8 33. Qd6 Rxb5 34.
Qxd7+ Kf8 35. Qxb5 Ra8 36. Be1 Kg8 37. Qd7 Kh7 38. Qxe6 Ra2+ 39. Bf2 Ra5 40. Be1
Ra2+ 41. Kf1 Ra8 42. Qxd5 Rf8+ 43. Kg2 Rf5 44. Bh4 Rf4 45. Kg3 Rf8 46. Qd7 Rf1
47. e6 Ra1 48. d5 Kg8 49. Qe8+ Kh7 50. Qf7 Ra3+ 51. Kg2 Ra2+ 52. Bf2 {Black
resigns} 1-0

[Event "Team 45 45 League T39"]
[Site "Internet Chess Club"]
[Date "2008.12.03"]
[Round "6"]
[White "kingsrook"]
[Black "chips"]
[Result "1/2-1/2"]
[WhiteElo "1228"]
[BlackElo "1238"]
[Opening "Queen's pawn game"]
[ECO "D02"]
[Time "15:02:35"]
[TimeControl "2700+45"]

1. d4 d5 2. Nf3 c6 3. e3 e6 4. Bd3 Bb4+ 5. c3 Bf8 6. Nbd2 Nf6 7. O-O Nbd7 8. e4
dxe4 9. Nxe4 Nxe4 10. Bxe4 Nf6 11. Bd3 Bd6 12. Qe2 Qc7 13. Re1 O-O 14. Bg5 Be7
15. Ne5 Nd5 16. Bd2 Nf6 17. Bf4 Qb6 18. Bg5 Qc7 19. Bxf6 Bxf6 20. Qe4 g6 21. h4
Bxe5 22. dxe5 h5 23. Re3 Qe7 24. Rg3 Kg7 25. f4 f5 26. exf6+ Rxf6 27. Rxg6+ Rxg6
28. Qxg6+ Kf8 29. Qxh5 Qg7 30. Re1 Bd7 31. Re5 Be8 32. Qg5 Bf7 33. Qxg7+ Kxg7
34. Rg5+ Kf8 35. h5 Ke7 36. h6 Rh8 37. h7 Kf6 38. Kf2 Rd8 39. Ke3 b6 40. c4 a6
41. b3 b5 42. c5 Rh8 43. Be4 Ke7 44. b4 Rc8 45. Bxc6 Kf6 46. Bb7 Rh8 47. Be4 Ke7
48. c6 Kd6 49. Rg7 Ke7 50. g4 Kf6 51. Rg5 Ke7 52. Rc5 Kd8 53. c7+ Kc8 54. g5 Kd7
55. g6 Bxg6 56. Bxg6 Kc8 57. Ke4 Rf8 58. Ke5 Rh8 59. Kxe6 a5 60. bxa5 b4 61. a6
b3 62. axb3 Rxh7 63. Bxh7 {Black stalemated} 1/2-1/2

[Event "Team 45 45 League T39"]
[Site "Internet Chess Club"]
[Date "2008.11.30"]
[Round "6"]
[White "jjaillet2007"]
[Black "Prop"]
[Result "0-1"]
[WhiteElo "1232"]
[BlackElo "1348"]
[Opening "QGD: Tarrasch defense"]
[ECO "D32"]
[Time "16:30:27"]
[TimeControl "2700+45"]

1. d4 d5 2. c4 e6 3. Nc3 c5 4. cxd5 exd5 5. Nf3 Nf6 6. Bg5 Be6 7. e3 Nc6 8. Ne5
Bd6 9. Bb5 O-O 10. O-O Nxe5 11. dxe5 Bxe5 12. f4 Bxc3 13. bxc3 a6 14. Bd3 c4 15.
f5 cxd3 16. fxe6 fxe6 17. Qxd3 Qd7 18. Bxf6 Rxf6 19. e4 Raf8 20. Rxf6 Rxf6 21.
exd5 Qxd5 22. Qxd5 exd5 23. Rd1 Rd6 24. Kf2 Kf7 25. Ke3 Ke6 26. Kd4 b5 27. Re1+
Kd7 28. Re5 Kc6 29. Re7 Rg6 30. g3 Rg4+ 31. Ke3 a5 32. a3 h5 33. Re6+ Kc5 34.
Re7 Re4+ 35. Rxe4 dxe4 36. Kxe4 Kc4 37. Kf5 Kxc3 38. Kg6 b4 39. axb4 axb4 40.
Kxh5 b3 41. g4 b2 42. g5 b1=Q 43. h4 Qb6 44. g6 Qb5+ 45. Kg4 Qe5 46. h5 Kd3 47.
h6 gxh6 48. g7 Qxg7+ 49. Kh4 Qg6 50. Kh3 Ke3 51. Kh4 Kf3 52. Kh3 Qg3# {White
checkmated} 0-1

[Event "Team 45 45 League T39"]
[Site "Internet Chess Club"]
[Date "2008.12.01"]
[Round "6"]
[White "Graybeard"]
[Black "joaoazm"]
[Result "0-1"]
[WhiteElo "1190"]
[BlackElo "1177"]
[Opening "QP counter-gambit (elephant gambit)"]
[ECO "C40"]
[Time "20:02:22"]
[TimeControl "2700+45"]

1. e4 e5 2. Nf3 d5 3. d3 Bg4 4. Be2 Bxf3 5. Bxf3 d4 6. c3 c5 7. Nd2 Nc6 8. Nc4
b5 9. Na3 a6 10. Bd2 f6 11. b4 Bd6 12. Bg4 g5 13. Bh5+ Ke7 14. Bg4 h6 15. O-O
cxb4 16. cxb4 Bxb4 17. Qb3 Qd6 18. Bxb4 Nxb4 19. Nc2 Nxc2 20. Qxc2 h5 21. Bf5
Nh6 22. Bg6 Rhg8 23. Bxh5 g4 24. Qd2 Rg5 25. Rab1 Rxh5 26. Qb4 Qxb4 27. Rxb4 f5
28. a4 Rb8 29. axb5 axb5 30. Ra1 Rb7 31. Ra5 f4 32. g3 f3 33. h4 gxh3 34. Raxb5
h2+ 35. Kh1 Rxb5 36. Rxb5 Ng4 37. Rb2 Rh6 38. Ra2 Rc6 39. Ra7+ Kd6 40. Ra1 Rc2
41. Rf1 Nxf2+ 42. Kxh2 Nxd3+ 43. Kh3 f2 44. Kh4 Rc1 {White resigns} 0-1

[Event "Team 45 45 League T39"]
[Site "Internet Chess Club"]
[Date "2008.11.28"]
[Round "6"]
[White "ars-felidae"]
[Black "jocooper"]
[Result "0-1"]
[WhiteElo "1204"]
[BlackElo "1191"]
[Opening "Pirc: classical (two knights) system"]
[ECO "B08"]
[Time "08:51:19"]
[TimeControl "2700+45"]

1. e4 d6 2. d4 Nf6 3. Nc3 g6 4. Nf3 Bg7 5. Bf4 O-O 6. e5 Nh5 7. Qd2 Nxf4 8. Qxf4
Nd7 9. Bc4 e6 10. Ne4 d5 11. Nf6+ Nxf6 12. exf6 Bxf6 13. Be2 b6 14. O-O Bb7 15.
Bd3 Bg7 16. Rfe1 Rc8 17. h4 h6 18. Re3 Qf6 19. Qg3 c5 20. Ne5 cxd4 21. Nd7 Qe7
22. Nxf8 dxe3 23. Nxg6 fxg6 24. fxe3 Rf8 25. Bxg6 e5 26. h5 Qg5 27. Qh3 d4 28.
Qe6+ Kh8 29. g4 Qxe3+ {White resigns} 0-1

[Event "Team 45 45 League T39"]
[Site "Internet Chess Club"]
[Date "2008.11.30"]
[Round "6"]
[White "WannaB"]
[Black "squeege"]
[Result "0-1"]
[WhiteElo "1113"]
[BlackElo "1201"]
[Opening "Scotch gambit: Dubois-Réti defense"]
[ECO "C55"]
[Time "20:15:16"]
[TimeControl "2700+45"]

1. e4 e5 2. Nf3 Nc6 3. d4 exd4 4. Bc4 Nf6 5. Bxf7+ Kxf7 6. Ng5+ Kg8 7. O-O Qe7
8. c3 Nxe4 9. Nxe4 Qxe4 10. Nd2 Qg6 11. Nf3 dxc3 12. bxc3 d6 13. Nh4 Qg4 14.
Qxg4 Bxg4 15. f3 Be6 16. Re1 Bc4 17. Nf5 d5 18. Kh1 Bc5 19. Bf4 Kf7 20. Bxc7
Rae8 21. Rxe8 Rxe8 22. Nd6+ Bxd6 23. Bxd6 Re3 24. a3 Rxc3 25. Bb4 Rd3 26. h3
Nxb4 27. axb4 Bb3 28. Rxa7 Rd1+ 29. Kh2 Re1 30. Rxb7+ Re7 31. Rb6 Rd7 32. Ra6 d4
33. Ra1 d3 34. Kg1 d2 35. Kf2 d1=Q 36. Rxd1 Bxd1 37. Ke1 Ba4 38. Kf2 Rd4 39. Ke3
Rxb4 40. f4 Kf6 41. g4 h6 42. g5+ hxg5 43. fxg5+ Kxg5 44. Kf3 Bd7 45. Kg3 Bxh3
46. Kxh3 Rf4 47. Kg3 g6 48. Kh3 Rf3+ 49. Kg2 Kg4 50. Kh2 Rf2+ 51. Kg1 Kg3 52.
Kh1 Rf1# {White checkmated} 0-1

[Event "Team 45 45 League T39"]
[Site "Internet Chess Club"]
[Date "2008.11.28"]
[Round "6"]
[White "ShanghaiTom"]
[Black "PJ"]
[Result "1-0"]
[WhiteElo "1753"]
[BlackElo "1775"]
[Opening "Two knights defense (Modern bishop's opening)"]
[ECO "C55"]
[Time "04:05:14"]
[TimeControl "2700+45"]

1. e4 e5 2. Nf3 Nc6 3. Bc4 Nf6 4. d3 Be7 5. O-O O-O 6. Nc3 d6 7. h3 Na5 8. Bb3
Nxb3 9. axb3 h6 10. Ne2 Nh7 11. Ng3 f5 12. exf5 Bxf5 13. Nxf5 Rxf5 14. Nh2 Bg5
15. Qg4 Qf8 16. Qc4+ Qf7 17. Qxf7+ Kxf7 18. Be3 a6 19. Nf3 Bxe3 20. fxe3 g5 21.
Nxg5+ Kg6 22. Nxh7 Rxf1+ 23. Rxf1 Kxh7 24. Rf7+ Kg6 25. Rxc7 a5 26. Rxb7 Ra6 27.
e4 Rc6 28. c3 Ra6 29. Kf2 a4 30. bxa4 Rxa4 31. Rb6 Ra5 32. Rxd6+ Kh5 33. Rd5 Ra2
34. Rxe5+ Kh4 35. Rb5 h5 36. g3+ Kxh3 37. Rxh5+ Kg4 38. Rb5 Ra1 39. d4 Rc1 40.
Ke2 Kxg3 41. Kd3 Kf4 42. e5 Re1 43. Rb8 Re3+ 44. Kc4 Ke4 45. Rf8 Re2 46. b4 Rb2
47. e6 {Black resigns} 1-0

[Event "Team 45 45 League T39"]
[Site "Internet Chess Club"]
[Date "2008.12.01"]
[Round "6"]
[White "AlterEgo"]
[Black "clarinetref"]
[Result "0-1"]
[WhiteElo "1446"]
[BlackElo "1726"]
[Opening "King's Indian: Kazakh variation"]
[ECO "E91"]
[Time "14:02:50"]
[TimeControl "2700+45"]

1. Nf3 Nf6 2. d4 d6 3. c4 g6 4. Nc3 Bg7 5. e4 O-O 6. Be2 Na6 7. a3 c5 8. dxc5
Nxc5 9. Qc2 a5 10. Be3 b6 11. O-O Bb7 12. Nd2 Qc8 13. h3 Qc6 14. Bf3 Qd7 15. Bd4
Rad8 16. b4 axb4 17. axb4 Ne6 18. Bxb6 Rc8 19. Ra7 Qc6 20. Na4 Ng5 21. b5 Nxf3+
22. gxf3 Qd7 23. Bd4 Rc7 24. Kg2 e5 25. Be3 Nh5 26. Nb6 Qe7 27. Rfa1 Nf4+ 28.
Bxf4 exf4 29. R1a2 Qg5+ 30. Kh2 Bd4 31. Nd5 Bxf2 32. Nf1 Qg1# {White checkmated}
0-1

[Event "Team 45 45 League T39"]
[Site "Internet Chess Club"]
[Date "2008.12.06"]
[Round "6"]
[White "whiterook"]
[Black "nanning"]
[Result "1-0"]
[WhiteElo "1603"]
[BlackElo "1581"]
[Opening "Sicilian: Grand Prix attack, Schofman variation"]
[ECO "B23"]
[Time "09:02:12"]
[TimeControl "2700+45"]

1. e4 c5 2. Nc3 Nc6 3. f4 g6 4. Nf3 Bg7 5. Bc4 e6 6. f5 exf5 7. d3 fxe4 8. dxe4
Nge7 9. O-O O-O 10. Bg5 h6 11. Bh4 Qc7 12. Nb5 Qf4 13. Nd6 a6 14. Bg3 Qg4 15. c3
b5 16. Be2 Qe6 17. a4 bxa4 18. Bc4 Qg4 19. Rxa4 a5 20. Qb3 Ba6 21. Bxf7+ Kh7 22.
Re1 Rab8 23. Qc2 Nd8 24. Bc4 Bxc4 25. Rxc4 Ne6 26. Ra4 Nc6 27. Nc4 Nf4 28. Qd2
Nh5 29. Bxb8 Rxb8 30. h3 Qg3 31. Qf2 Qf4 32. Qxc5 Rxb2 33. Nxb2 {Black resigns}
1-0

[Event "Team 45 45 League T39"]
[Site "Internet Chess Club"]
[Date "2008.12.02"]
[Round "6"]
[White "ticopatzer"]
[Black "Aquaman"]
[Result "1-0"]
[WhiteElo "1465"]
[BlackElo "1375"]
[Opening "QP counter-gambit: Maroczy gambit"]
[ECO "C40"]
[Time "19:30:41"]
[TimeControl "2700+45"]

1. e4 e5 2. Nf3 d5 3. exd5 Bd6 4. d4 e4 5. Ne5 Nf6 6. c4 h6 7. Nc3 O-O 8. Qe2
Bf5 9. c5 Bxe5 10. dxe5 Nxd5 11. Nxe4 Re8 12. f4 Nd7 13. Qc4 Be6 14. Qd4 Ne7 15.
Bb5 Nf5 16. Qf2 c6 17. Be2 Qh4 18. Qxh4 Nxh4 19. O-O Bd5 20. Nd6 Reb8 21. g3 Ng6
22. Be3 Ngf8 23. b4 Ne6 24. a3 b6 25. Ba6 Nd8 26. Rac1 bxc5 27. Bxc5 Nxc5 28.
Rxc5 Rb6 29. Bc4 Ne6 30. Bxd5 cxd5 31. Rxd5 Rc6 32. Rfd1 Nc7 33. Rc5 Rxc5 34.
bxc5 Na6 35. c6 Nc7 36. Rb1 Kf8 37. Rb7 Nd5 38. c7 Ne7 39. Rb8+ {Black resigns}
1-0

[Event "Team 45 45 League T39"]
[Site "Internet Chess Club"]
[Date "2008.11.26"]
[Round "6"]
[White "cityprosecutor"]
[Black "SugarIslander"]
[Result "0-1"]
[WhiteElo "1682"]
[BlackElo "1660"]
[Opening "Scotch: Göring gambit"]
[ECO "C44"]
[Time "21:59:51"]
[TimeControl "2700+45"]

1. e4 e5 2. Nf3 Nc6 3. d4 exd4 4. c3 dxc3 5. Bc4 d6 6. Nxc3 Be6 7. Bxe6 fxe6 8.
Qb3 Qd7 9. Qxb7 Rb8 10. Qa6 Rb6 11. Qe2 Be7 12. Be3 Rb7 13. Rd1 Bf6 14. e5 Nxe5
15. Nxe5 Bxe5 16. f3 Ne7 17. f4 Bxc3+ 18. bxc3 O-O 19. O-O Qc6 20. Qg4 Nf5 21.
Bd2 Rb2 22. Rf3 Rxa2 23. Bc1 Rf6 24. Rd2 Rxd2 25. Bxd2 a5 26. Rh3 Qe4 27. Qh5
Kf8 28. Qxh7 Rh6 29. Rxh6 Qb1+ 30. Kf2 Qb6+ 31. Kf1 Nxh6 32. Qe4 Qb3 33. Qa8+
Kf7 34. Qxa5 Qd1+ 35. Be1 Qd3+ 36. Kg1 Qe3+ 37. Kf1 Qxf4+ 38. Bf2 Qc4+ 39. Kg1
Nf5 40. h3 g6 41. g4 Ne7 42. Qa1 Nd5 43. Qc1 Qxc3 44. Qh6 Qg7 45. Qh4 Ke8 46. g5
e5 47. Qe4 Nf4 48. Qc6+ Qd7 49. Qa8+ Ke7 50. Qh8 Nxh3+ 51. Kg2 Nf4+ 52. Kg1 Qg4+
53. Kf1 Qg2+ 54. Ke1 Nd3+ 55. Kd1 Nxf2+ 56. Kc1 Nd3+ 57. Kd1 Qxg5 58. Qg7+ Ke6
59. Qg8+ Kf5 60. Qf7+ Ke4 61. Qc4+ Ke3 62. Qa2 Qg1+ 63. Kc2 Qf2+ 64. Kd1 Qe1+
65. Kc2 Nb4+ {White resigns} 0-1

[Event "Team 45 45 League T39"]
[Site "Internet Chess Club"]
[Date "2008.12.02"]
[Round "6"]
[White "oldsj"]
[Black "mongmong"]
[Result "1-0"]
[WhiteElo "1630"]
[BlackElo "1655"]
[Opening "French: exchange variation"]
[ECO "C01"]
[Time "20:05:22"]
[TimeControl "2700+45"]

1. e4 e6 2. d4 d5 3. exd5 exd5 4. Bd3 Nf6 5. c4 dxc4 6. Bxc4 Be7 7. Nc3 O-O 8.
Nf3 Bg4 9. O-O Nbd7 10. Re1 Nb6 11. Be2 Nbd5 12. Ne5 Bxe2 13. Rxe2 c5 14. Nxd5
Qxd5 15. Be3 cxd4 16. Bxd4 Rad8 17. Nf3 Bc5 18. Re5 Qc6 19. Rxc5 Qxc5 20. Bxc5
Rxd1+ {Black resigns} 1-0

[Event "Team 45 45 League T39"]
[Site "Internet Chess Club"]
[Date "2008.12.01"]
[Round "6"]
[White "ElMarginal"]
[Black "sra66"]
[Result "0-1"]
[WhiteElo "1433"]
[BlackElo "1650"]
[Opening "Sicilian: Grand Prix attack"]
[ECO "B21"]
[Time "20:22:29"]
[TimeControl "2700+45"]

1. e4 c5 2. f4 Nf6 3. Nc3 d5 4. e5 d4 5. exf6 dxc3 6. fxg7 cxd2+ 7. Qxd2 Qxd2+
8. Bxd2 Bxg7 9. O-O-O Nc6 10. Bb5 a6 11. Bxc6+ bxc6 12. Nf3 Be6 13. Be3 c4 14.
c3 Rb8 15. Bd4 Rg8 16. Bxg7 Rxg7 17. g3 Bd5 18. Rhf1 Rg6 19. Nh4 Rh6 20. Rd4 e6
21. Rf2 f6 22. Rdd2 Kf7 23. Nf3 a5 24. Nd4 a4 25. a3 Rh3 26. Nc2 h5 27. Ne3 h4
28. f5 hxg3 29. hxg3 Rxg3 30. fxe6+ Kxe6 31. Nxd5 cxd5 32. Rfe2+ Kd6 33. Rd4
Rg1+ 34. Kc2 Kc5 35. Rf2 Rh8 36. Rd1 Rxd1 37. Kxd1 Rb8 38. Kc2 Rb6 39. Rf5 Re6
40. Kd2 Kd6 41. Rf3 Ke7 42. Rh3 Rb6 43. Kc2 Ke6 44. Rh7 Ra6 45. Kd2 Ke5 46. Re7+
Kf4 47. Rd7 Ra5 48. Re7 f5 49. Re2 Ra8 50. Ke1 Rh8 51. Rf2+ Kg5 52. Rg2+ Kf6 53.
Kd1 Re8 54. Kd2 f4 55. Rg4 Kf5 56. Rg7 f3 57. Rf7+ Ke4 58. Ke1 Kd3+ 59. Kf1 Ke3
60. Rf5 Ke4 61. Rf7 Rb8 62. Re7+ Kd3 63. Kf2 Rxb2+ 64. Kxf3 Kxc3 65. Ra7 Kb3 66.
Ke3 c3 67. Kd3 Rc2 68. Rxa4 Rd2+ {White resigns} 0-1

[Event "Team 45 45 League T39"]
[Site "Internet Chess Club"]
[Date "2008.11.29"]
[Round "6"]
[White "beerss"]
[Black "theartist"]
[Result "1-0"]
[WhiteElo "1471"]
[BlackElo "1194"]
[Opening "French defense"]
[ECO "C00"]
[Time "12:38:06"]
[TimeControl "2700+45"]

1. e4 e6 2. Nf3 d5 3. exd5 exd5 4. d4 c5 5. Nc3 Nf6 6. Be2 Nc6 7. O-O Be7 8.
dxc5 Bxc5 9. Bg5 Be6 10. Bb5 O-O 11. Bxc6 bxc6 12. Nd4 Bxd4 13. Qxd4 h6 14. Bh4
Qb6 15. Bxf6 Qxd4 16. Bxd4 Bf5 17. Rac1 a6 18. Rfe1 Be6 19. Na4 Rab8 20. b3 Rfc8
21. Nc5 Re8 22. Nxa6 Rbc8 23. Nc5 Bf5 24. h3 Rxe1+ 25. Rxe1 Bxc2 26. Re3 Bg6 27.
Nb7 Rf8 28. Rc3 Rc8 29. Nd6 Rc7 30. Bb6 Re7 31. Rxc6 Re6 32. Bc5 Re1+ 33. Kh2
Re6 34. Rc8+ Kh7 35. Rd8 f5 36. b4 f4 37. f3 Re2 38. Nb5 Rd2 39. a3 Bf7 40. a4
g5 41. a5 Ra2 42. Bb6 Kg6 43. Nd4 Kf6 44. Rd6+ Kg7 45. Nf5+ {Black resigns} 1-0

[Event "Team 45 45 League T39"]
[Site "Internet Chess Club"]
[Date "2008.11.29"]
[Round "6"]
[White "GadsHill"]
[Black "Glassywoman"]
[Result "1-0"]
[WhiteElo "1597"]
[BlackElo "1440"]
[Opening "QGD Slav: 3.Nf3"]
[ECO "D11"]
[Time "10:02:31"]
[TimeControl "2700+45"]

1. d4 d5 2. c4 c6 3. Nf3 Nf6 4. Qc2 h6 5. Bf4 dxc4 6. Qxc4 Be6 7. Qc2 Bd5 8.
Nbd2 e6 9. e4 Bb4 10. exd5 exd5 11. Be2 O-O 12. O-O Bd6 13. Bxd6 Qxd6 14. Ne5
Re8 15. f4 Ne4 16. Nxe4 dxe4 17. Nxf7 Kxf7 18. Bh5+ g6 19. Qc4+ Kg7 20. Bg4 Na6
21. f5 Rf8 22. fxg6 Kxg6 23. Rad1 Nb4 24. a3 Nd3 25. Qc3 Qd5 26. Be2 Nf4 27.
Qg3+ Qg5 28. Qxg5+ hxg5 29. Bc4 Rad8 30. g3 Nh3+ 31. Kg2 g4 32. Rxf8 Rxf8 33.
Rf1 Rxf1 34. Kxf1 Kf6 35. d5 Ke5 36. dxc6 bxc6 37. Ba6 Kd4 38. Bc8 Ng5 39. Bxg4
Nf3 40. Bxf3 exf3 41. h4 Ke5 42. Kf2 Kf5 43. Kxf3 Kg6 44. Kf4 Kh6 45. g4 Kg6 46.
b4 Kh6 47. Ke5 {Black resigns} 1-0

[Event "Team 45 45 League T39"]
[Site "Internet Chess Club"]
[Date "2008.11.28"]
[Round "6"]
[White "ticopatzer"]
[Black "sdcohle"]
[Result "0-1"]
[WhiteElo "1456"]
[BlackElo "1373"]
[Opening "Ruy Lopez: Berlin defense, 4.O-O"]
[ECO "C65"]
[Time "21:00:13"]
[TimeControl "2700+45"]

1. e4 e5 2. Nf3 Nc6 3. Bb5 Nf6 4. O-O g6 5. Bxc6 dxc6 6. Nxe5 Bg7 7. d4 O-O 8.
Bg5 Qd6 9. Re1 Re8 10. c3 c5 11. Nd2 Be6 12. Nd3 Qa6 13. Nxc5 Qb5 14. Nxe6 Rxe6
15. e5 Nd7 16. Qc2 c6 17. a4 Qb6 18. Nc4 Qc7 19. Nd6 Nb6 20. f4 f6 21. f5 gxf5
22. exf6 Qxd6 23. fxg7 Rxe1+ 24. Rxe1 Qg6 25. Qb3+ Nd5 26. Qxb7 Nb6 27. Bf4 Qxg7
28. Qxg7+ Kxg7 29. Be5+ Kf7 30. a5 Nc4 31. b4 Re8 32. Bg3 Rd8 33. Kf1 Nd2+ 34.
Ke2 Ne4 35. Kd3 Re8 36. Rf1 Kg6 37. Be5 Ng5 38. Kc4 a6 39. Kc5 Re6 40. Rb1 Ne4+
41. Kc4 Nd2+ 42. Kc5 Nxb1 43. d5 {White resigns} 0-1